 Dungeon Crawl Stone Soup version 0.29.1-2-gbd0b4ee654 (webtiles) character file.

Game seed: 11704622099076920968

4650 funnyparkerb the Slicer (level 10, -9/51 HPs)
             Began as a Vine Stalker Brigand on Oct 26, 2022.
             Was a Follower of Uskayaw.
             Mangled by a hornet (10 damage)
             ... while paralysed by a hornet
             ... on level 9 of the Dungeon.
             The game lasted 00:17:59 (8161 turns).

funnyparkerb the Slicer (Vine Stalker Brigand)      Turns: 8161, Time: 00:18:00

Health: -9/51      AC:  8    Str: 13    XL:     10   Next: 43%
Magic:  0/20       EV:  2    Int: 11    God:    Uskayaw [*.....]
Gold:   444        SH:  0    Dex: 21    Spells: 9/9 levels left

rFire   . . .      SeeInvis .   a - +2 dagger
rCold   . . .      Faith    .   s - +2 buckler
rNeg    . . .      Spirit   +   l - +0 scale mail
rPois   .          Reflect  .   (no helmet)
rElec   .          Harm     .   c - +0 cloak
rCorr   +          Rampage  .   H - +0 pair of gloves
Will    +....                   (no boots)
Stlth   ++........              u - amulet of the acrobat
HPRegen 0.97/turn               v - ring of magical power
MPRegen 0.17/turn               t - ring of resist corrosion

@: paralysed, lethally poisoned (-9 -> -12), about to teleport
A: fangs 3, regeneration 1, magic shield, antimagic bite, no potion heal 2
a: Renounce Religion, Stomp


You were on level 9 of the Dungeon.
You worshipped Uskayaw.
Uskayaw was noncommittal.
You visited 2 branches of the dungeon, and saw 10 of its levels.

You collected 444 gold pieces.

Inventory:

Hand Weapons
 a - a +2 dagger (weapon)
Missiles
 d - 33 poisoned darts (quivered)
 e - 2 curare-tipped darts
 B - 5 boomerangs
Armour
 c - a +0 cloak (worn)
 l - a +0 scale mail (worn)
 s - a +2 buckler (worn)
 H - a +0 pair of gloves (worn)
Jewellery
 r - a ring of flight
 t - a ring of resist corrosion (right hand)
 u - an amulet of the acrobat (around neck)
 v - a ring of magical power (left hand)
Wands
 J - a wand of charming (4)
Scrolls
 f - 2 scrolls of magic mapping
 h - 2 scrolls of fear {unknown}
 i - a scroll of torment {unknown}
 m - 4 scrolls of identify
 q - 5 scrolls of vulnerability
 w - 2 scrolls of noise {unknown}
 y - 3 scrolls of poison {unknown}
 D - 2 scrolls of acquirement {unknown}
 G - 2 scrolls of enchant armour {unknown}
 I - a scroll of immolation {unknown}
Potions
 b - 3 potions of heal wounds {unknown}
 g - 4 potions of curing
 j - a potion of attraction {unknown}
 k - 2 potions of berserk rage {unknown}
 n - 4 potions of magic {unknown}
 p - a potion of invisibility {unknown}
 x - 2 potions of resistance {unknown}
 z - 3 potions of brilliance {unknown}
 A - 2 potions of mutation {unknown}
 C - a potion of flight {unknown}
 E - 2 potions of lignification {unknown}
 F - a potion of haste {unknown}


   Skills:
 * Level 5.1 Fighting
 - Level 10.0 Short Blades
 - Level 2.7 Throwing
 * Level 6.4 Dodging
 + Level 5.7 Stealth
 - Level 3.0 Shields
 * Level 0.3 Invocations


You had 9 spell levels left.
You didn't know any spells.
Your spell library contained the following spells:

 Spells                   Type           Power      Damage    Failure   Level
 Static Discharge         Conj/Air       0%         3-3/arc   98%         2
 Sublimation of Blood     Necr           0%         N/A       98%         2
 Wereblood                Tmut           0%         N/A       98%         2
 Dispel Undead            Necr           0%         3d6       100%        4
 Sticky Flame             Conj/Fire      0%         2d3       100%        4
 Summon Hydra             Summ           0%         N/A       100%        7


Dungeon Overview and Level Annotations

Branches:
Dungeon (9/15)             Temple (1/1) D:7             Orc (0/2) D:9
   Lair: D:8-11

Altars:
Cheibriados
Dithmenos
Elyvilon
Fedhas
Hepliaklqana
Kikubaaqudgha
Nemelex Xobeh
Okawaru
Qazlal
Ru
Sif Muna
Trog
Uskayaw
Vehumet
Wu Jian
Xom
Yredelemnul
Zin

Shops:
D:3 [*


Innate Abilities, Weirdness & Mutations

You have razor-sharp teeth.
Your natural rate of healing is unusually fast.
When hurt, damage is shared between your health and your magic reserves.
Your bite disrupts and absorbs the magic of your enemies.
Potions cannot restore your health.


Message History

You hit the hornet. Your bite misses the hornet.
The hornet is moderately wounded.
You block the hornet's attack.
You hit the hornet. You bite the hornet, but do no damage.
The hornet is heavily wounded.
The hornet stings you!
You feel yourself slow down.
You hit the hornet.
The hornet is heavily wounded.
You feel yourself speed up. The hornet stings you.
You are poisoned.
You suddenly lose the ability to move!
You can now pass through a line of other dancers.
You feel very sick. The hornet stings you!
* * * LOW HITPOINT WARNING * * *
You shrug off the repeated paralysis!
The hornet stings you but does no damage.
You feel very sick. The hornet stings you.
You feel yourself slow down.
You can move again.
Aiming: Line Pass
Press: ? - help, Dir - move target, p - hornet The hornet appears confused.
You can no longer pass through a line of other dancers.
You feel yourself speed up.
You feel sick. You block the hornet's attack. The hornet barely misses you.
You hit the hornet.
The hornet is heavily wounded.
You feel sick.
The hornet seems less confused.
As you read the scroll of teleportation, it crumbles to dust.
You feel strangely unstable.
You feel sick. You block the hornet's attack. The hornet stings you!
* * * LOW HITPOINT WARNING * * *
You are lethally poisoned!
You suddenly lose the ability to move!
* * * LOW HITPOINT WARNING * * *
You feel very sick. The hornet stings you!
You die...

#........####.# #........#
#.### #........####.##.
##................
#>....########.##.
############..##.### #.##.
##.........##..##...# #.##.
#..........##..#....# #.#<.
#...........y@.#....######.###
#..........##.....)...........
#..............#....######.###
#..............#....# #.#..
#...................# #.#..
#########......###...######....
#..............# ###..........†
#..............# #...........
#..............# #.........##


You could see a hornet.

Vanquished Creatures
  A two-headed ogre (D:8)
  Eustachio (D:5)
  3 wyverns
  Menkaure (D:5)
  3 water moccasins
  A sky beast (D:8)
  An ice beast (D:8)
  An orc warrior (D:8)
  2 black bears
  4 centaurs
  A kobold brigand (D:9)
  A phantom (D:6)
  2 bullfrogs
  A necrophage (D:8)
  A gnoll sergeant (D:5)
  7 scorpions
  5 wights
  4 killer bees (D:9)
  A howler monkey (D:8)
  2 hounds
  3 orc priests
  A gnoll bouda (D:5)
  9 iguanas
  5 orc wizards
  20 gnolls
  11 adders
  A shadow imp (D:5)
  2 white imps
  An ufetubus (D:5)
  A worm (D:3)
  2 dart slugs
  43 orcs
  9 endoplasms
  A giant cockroach (D:1)
  6 goblins
  6 hobgoblins
  25 jackals
  11 kobolds
  6 quokkas
  5 ball pythons
  6 bats
  6 frilled lizards
  7 rats
230 creatures vanquished.

Vanquished Creatures (others)
  A plant (D:5)
1 creature vanquished.

Grand Total: 231 creatures vanquished

Notes
Turn   | Place    | Note
-------+----------+-------------------------------------------
     0 | D:1      | funnyparkerb the Vine Stalker Brigand began the quest for
                  | the Orb.
     0 | D:1      | Reached XP level 1. HP: 11/11 MP: 2/2
   361 | D:1      | Reached XP level 2. HP: 16/16 MP: 3/3
   810 | D:1      | Reached skill level 2 in Short Blades
   810 | D:1      | Reached XP level 3. HP: 15/20 MP: 2/4
  1498 | D:2      | Gained mutation: Your natural rate of healing is unusually
                  | fast. [Vine Stalker growth]
  1498 | D:2      | Reached XP level 4. HP: 23/24 MP: 5/5
  1561 | D:2      | Reached skill level 3 in Short Blades
  2433 | D:3      | Reached XP level 5. HP: 27/28 MP: 6/6
  2496 | D:3      | Reached skill level 4 in Short Blades
  2591 | D:3      | Found Kuitua's Assorted Antiques.
  2591 | D:3      | Found Pioxig's Antique Armour Shoppe.
  2680 | D:3      | Noticed a black bear
  2695 | D:3      | Killed a black bear
  2696 | D:3      | Reached XP level 6. HP: 32/32 MP: 7/7
  2776 | D:3      | Found a snail-covered altar of Cheibriados.
  2792 | D:3      | Reached skill level 5 in Short Blades
  3034 | D:5      | Entered Level 5 of the Dungeon
  3071 | D:5      | HP: 1/32 [iguana (8)]
  3227 | D:5      | Reached skill level 6 in Short Blades
  3271 | D:4      | Reached skill level 1 in Dodging
  3271 | D:4      | Reached XP level 7. HP: 29/36 MP: 8/8
  3325 | D:4      | Found a shimmering altar of Xom.
  3635 | D:4      | Found a sparkling altar of Nemelex Xobeh.
  3812 | D:5      | Noticed Eustachio
  3828 | D:5      | Killed Eustachio
  3934 | D:5      | Gained mutation: You have razor-sharp teeth. [Vine Stalker
                  | growth]
  3934 | D:5      | Reached XP level 8. HP: 40/42 MP: 9/9
  4427 | D:5      | Reached skill level 1 in Shields
  4506 | D:5      | Reached skill level 7 in Short Blades
  4833 | D:5      | Noticed Menkaure
  4843 | D:5      | Killed Menkaure
  5160 | D:5      | Reached XP level 9. HP: 31/45 MP: 10/10
  5368 | D:6      | Reached skill level 8 in Short Blades
  5368 | D:6      | Identified the +10 sling of Conversion {vorpal, Int+6}
  5507 | D:6      | Found an iron altar of Okawaru.
  6130 | D:7      | Reached skill level 9 in Short Blades
  6137 | D:7      | Reached skill level 5 in Dodging
  6548 | D:7      | Found a staircase to the Ecumenical Temple.
  6579 | D:7      | Found a stormy altar of Qazlal.
  6597 | Temple   | Entered the Ecumenical Temple
  6998 | D:8      | Found a large runed translucent door.
  6998 | D:8      | Found a large runed translucent door.
  7017 | D:8      | Reached skill level 10 in Short Blades
  7017 | D:8      | Reached XP level 10. HP: 27/49 MP: 11/11
  7093 | D:8      | Reached skill level 5 in Stealth
  7502 | D:8      | Found a glowing silver altar of Zin.
  7638 | D:8      | Noticed a two-headed ogre
  7650 | D:8      | Killed a two-headed ogre
  7723 | D:8      | Found a bloodstained altar of Trog.
  7727 | D:8      | Found an ornate altar of the Wu Jian Council.
  7771 | D:9      | Found a hide-covered altar of Uskayaw.
  7793 | D:9      | Reached skill level 5 in Fighting
  7799 | D:9      | Became a worshipper of Uskayaw the Reveller
  7860 | D:9      | Reached * piety under Uskayaw
  7905 | D:9      | Noticed a two-headed ogre
  7905 | D:9      | Reached ** piety under Uskayaw
  7966 | D:9      | Paralysed by a hornet for 3 turns
  8155 | D:9      | Paralysed by a hornet for 2 turns
  8160 | D:9      | Paralysed by a hornet for 3 turns
  8161 | D:9      | HP: 1/51 [poisoned by a hornet]
  8161 | D:9      | Mangled by a hornet

Illustrated notes

Levels and vault maps discovered:
D:1:      beargit_arrival_diablo_church, layout_basic, minmay_3d_cube
D:2:      layout_loops_corners, minmay_vboxes
D:3:      layout_basic, slow_altar_1, serial_shops, shop, nicolae_shop_stone
D:4:      layout_rooms, xom_butterflies, nemelex_dance_club_becter
D:5:      lemuel_castle_with_subvaults [lemuel_castle_interior_carwin_1],
          layout_basic, sigmund_army, uniq_eustachio, uniq_menkaure
D:6:      layout_loops_ring, okawaru_ov_weapons_minmay
D:7:      layout_cave_pools, nicolae_qazlal_general_emergency,
          minmay_temple_entry_hall
D:8:      layout_cave_pools, zin_statuary, jmf_multi_god_temple2, nicolae_wwwww,
          st_stairs_9
D:9:      layout_basic, nicolae_uskayaw_dance_studio, bloody_makhleb,
          orc_0_dummy, enter_bailey_3
Temple:   hellmonk_temple_rainy

Skill      XL: |  1  2  3  4  5  6  7  8  9 10 |
---------------+-------------------------------+-----
Fighting       | 2 3 4 5 |  5.1
Short Blades   | 2 3 4 6 7 10 | 10.0
Dodging        | 1 3 4 5 6 |  6.4
Shields        | 2 3 |  3.0
Throwing       | 2 |  2.7
Stealth        | 5 |  5.7
Invocations    | |  0.3

Action                   |  1- 3 |  4- 6 |  7- 9 | 10-12 || total
-------------------------+-------+-------+-------+-------++-------
Melee: Dagger            |   102 |   186 |   689 |   124 ||  1101
       Bite              |    26 |    54 |   266 |    42 ||   388
       Punch             |     1 |     2 |       |       ||     3
Throw: Dart              |       |     2 |     2 |     5 ||     9
       Boomerang         |       |       |       |     3 ||     3
Invok: Line Pass         |       |       |       |     1 ||     1
Evoke: Wand              |       |    10 |     1 |     3 ||    14
  Use: Scroll            |       |       |     2 |     3 ||     5
       Potion            |       |       |       |     2 ||     2
 Stab: Sleeping          |     6 |     6 |     3 |     2 ||    17
Armor: Leather armour    |    17 |       |       |       ||    17
       Scale mail        |    15 |    87 |   139 |    23 ||   264
Dodge: Dodged            |    51 |    66 |   221 |    61 ||   399
Block: Buckler           |       |    45 |   168 |    41 ||   254
